 Dungeon Crawl Stone Soup version 0.27-a0-419-g7a85846853 (webtiles) character file.

Game seed: 11438562158573241850

51 Chiseanne the Covered (level 3, -6/28 HPs)
             Began as a Demonspawn Wanderer on Feb 26, 2021.
             Killed from afar by a white imp (7 damage)
             ... with a puff of frost
             ... on level 2 of the Dungeon.
             The game lasted 00:01:32 (1905 turns).

Chiseanne the Covered (Demonspawn Wanderer)         Turns: 1905, Time: 00:01:33

Health: -6/28      AC:  6    Str: 14    XL:     3   Next: 57%
Magic:  3/3        EV:  8    Int: 12    God:
Gold:   131        SH: 13    Dex: 14    Spells: 2/2 levels left

rFire    . . .     SeeInvis .   a - +2 dagger
rCold    . . .     Faith    .   l - +2 kite shield
rNeg     . . .     Spirit   .   e - +0 ring mail
rPois    .         Reflect  .   g - +1 hat
rElec    .         Harm     .   (no cloak)
rCorr    .         Rampage  .   (no gloves)
Will     .....                  (no boots)
Stlth    ++........             (no amulet)
HPRegen  0.09/turn              (no ring)
MPRegen  0.08/turn              (no ring)

@: no status effects
A: thin skeletal structure 1, condensation shield
a: no special abilities


You were on level 2 of the Dungeon.
You visited 1 branch of the dungeon, and saw 2 of its levels.

You collected 131 gold pieces.

Inventory:

Hand Weapons
 a - a +2 dagger (weapon)
 c - a +0 shortbow
Missiles
 d - 43 arrows
 f - 108 stones (quivered)
 i - a throwing net
Armour
 e - a +0 ring mail (worn)
 g - a +1 hat (worn)
 l - a +2 kite shield (worn)
Scrolls
 b - a scroll of blinking
 j - a scroll of identify {unknown}
 m - a scroll of enchant armour {unknown}
 n - a scroll of teleportation {unknown}
Potions
 h - a potion of brilliance {unknown}
 k - a potion of berserk rage {unknown}


   Skills:
 * Level 2.7 Fighting
 - Level 1.0 Maces & Flails
 - Level 1.7 Bows
 * Level 3.2 Armour
 * Level 1.4 Dodging
 - Level 1.0 Stealth
 * Level 1.1 Shields


You had 2 spell levels left.
You didn't know any spells.
Your spell library was empty.

Dungeon Overview and Level Annotations

Branches:
Dungeon (2/15)

Altars:
Hepliaklqana
Nemelex Xobeh
Okawaru
Wu Jian


Innate Abilities, Weirdness & Mutations

You have a somewhat thin skeletal structure. (Dex +2, Stealth)
A meltable shield of frost defends you. (SH +4)


Message History

You are too injured to fight recklessly!
You hit the white imp.
The white imp is lightly wounded.
The white imp hits you but does no damage.
You hit the white imp.
The white imp is moderately wounded.
The white imp hits you but does no damage.
The white imp shouts, "Quit, thou fobbing ruttish hugger-mugger!"
You block the white imp's attack.
Your shield prevents you from hitting the white imp.
The white imp is moderately wounded.
The white imp gestures at you. The puff of frost hits you.
You hit the white imp but do no damage.
The white imp is moderately wounded.
You block the white imp's attack.
You hit the white imp.
The white imp is heavily wounded.
You block the white imp's attack.
You hit the white imp but do no damage.
The white imp is heavily wounded.
The white imp barely misses you. The white imp gestures at you.
You block the puff of frost.
You hit the white imp but do no damage.
The white imp is heavily wounded.
You block the white imp's attack.
You hit the white imp but do no damage.
The white imp is heavily wounded.
The white imp gestures at you. The puff of frost hits you.
* * * LOW HITPOINT WARNING * * *
You hit the white imp but do no damage.
The white imp is heavily wounded.
The white imp gestures at you. The puff of frost hits you.
* * * LOW HITPOINT WARNING * * *
The white imp gestures at you. The puff of frost hits you!
You die...

.....## #.#####...#####......≈≈.
.##.# ###...##.##...##......≈.
.### #.8.8.#.#.8.8.#........
.##########.._).#.#.)_..#......##
........>.#.8...#.#..†8.#.<....#
)########.##...'#.#'...##.######
....... #..#####...#####..#
.#####. #........⌠........# .#
##.#####@..#####.## †#
###(..'#5#'...### .#
#.8.))#.#...8.# .#
#.._..#.#.._..# ...
#.8.8.#.#.8.8.# ####
##...##.##...## # #### ... ####
#.#


You could see a white imp.

Vanquished Creatures
  An adder (D:2)
  A worm (D:2)
  2 dart slugs
  A leopard gecko (D:1)
  3 bats
  A giant cockroach (D:2)
  4 goblins
  10 hobgoblins
  3 kobolds
  3 frilled lizards
  A rat (D:1)
30 creatures vanquished.

Notes
Turn   | Place    | Note
-------+----------+-------------------------------------------
     0 | D:1      | Chiseanne the Demonspawn Wanderer began the quest for the
                  | Orb.
     0 | D:1      | Chiseanne set off with the following items: a +2 dagger, a
                  | scroll of blinking, a +0 shortbow, 25 arrows, a +0 ring
                  | mail
     0 | D:1      | Reached XP level 1. HP: 16/16 MP: 1/1
   896 | D:1      | Gained mutation: A meltable shield of frost defends you.
                  | (SH +4) [demonic ancestry]
   896 | D:1      | Reached XP level 2. HP: 21/22 MP: 2/2
  1027 | D:1      | Reached skill level 3 in Armour
  1295 | D:1      | Reached skill level 1 in Dodging
  1710 | D:2      | Gained mutation: You have a somewhat thin skeletal
                  | structure. (Dex +2, Stealth) [demonic ancestry]
  1710 | D:2      | Reached XP level 3. HP: 28/28 MP: 3/3
  1789 | D:2      | Found a faded altar of an unknown god.
  1830 | D:2      | Found a sparkling altar of Nemelex Xobeh.
  1838 | D:2      | Found a hazy altar of Hepliaklqana.
  1877 | D:2      | Found an iron altar of Okawaru.
  1880 | D:2      | Found an ornate altar of the Wu Jian Council.
  1905 | D:2      | HP: 1/28 [white imp/puff of frost (3)]
  1905 | D:2      | Killed from afar by a white imp

Illustrated notes

Levels and vault maps discovered:
D:1:      elethiomel_arrival_maze, layout_loops_ring, bh_walls_and_bars
D:2:      layout_loops_ring, grunt_temple_overflow_cloverleaf,
          chequers_ecumenical_altar_island, fedhas_altar_fruit_tree,
          uniq_crazy_yiuf_cottage

Skill      XL: |  1  2 |
---------------+-------+-----
Armour         | 3 |  3.2
Dodging        | 1 |  1.4
Fighting       | |  2.7
Maces & Flails | |  1.0
Bows           | |  1.7
Stealth        | |  1.0
Shields        | |  1.1

Action                   || total
-------------------------++-------
Melee: Dagger            ||   127
 Stab: Sleeping          ||     3
Armor: Ring mail         ||    37
Dodge: Dodged            ||    37
Block: Other             ||    14
       Kite shield       ||    19

Table legend: (Time is in decaauts)
 A = Elapsed time spent in this place.
 B = Non-inter-level travel time spent in this place.
 C = Inter-level travel time spent in this place.
 D = Time resting spent in this place.
 E = Time spent auto-exploring this place.
 F = Levels seen in this place.
 G = Mean time per level.
                   A        B        C        D        E       F      G
               +--------+--------+--------+--------+--------+-----+--------+
         Total |   1914 |   1873 |     41 |    402 |   1241 |   2 |  957.0 |
       Dungeon |   1914 |   1873 |     41 |    402 |   1241 |   2 |  957.0 |
               +--------+--------+--------+--------+--------+-----+--------+

Top non-repeatable levels by time:
     D:1: 1634 daAuts
     D:2: 280 daAuts
